 Dungeon Crawl Stone Soup version 0.30-a0-439-g9e77e4d916 (webtiles) character file.

Game seed: 8424238717897589395

91 cforsyth the Trooper (level 4, 0/41 HPs)
             Began as a Minotaur Berserker on Dec 10, 2022.
             Was a Believer of Trog.
             Slain by a gnoll
             ... wielding a +0 spear
              (6 damage)
             ... on level 2 of the Dungeon.
             The game lasted 00:01:46 (1059 turns).

cforsyth the Trooper (Minotaur Berserker)           Turns: 1059, Time: 00:01:47

Health: 0/41       AC:  7    Str: 24    XL:     4   Next: 34%
Magic:  3/3        EV: 11    Int:  4    God:    Trog [**....]
Gold:   92         SH:  0    Dex:  9    Spells: 3/3 levels left

rFire   + . .      SeeInvis .    d - +0 war axe
rCold   . . .      Faith    .    (no shield)
rNeg    . . .      Spirit   .    e - +2 ring mail {rF+}
rPois   .          Reflect  .    (helmet restricted)
rElec   .          Harm     .    (no cloak)
rCorr   .          Rampage  .    (no gloves)
Will    .....                    (no boots)
Stlth   ..........               (no amulet)
HPRegen 0.26/turn                (no ring)
MPRegen 0.08/turn                (no ring)

@: no status effects
A: horns 2, retaliatory headbutt
a: Renounce Religion, Berserk, Trog's Hand


You were on level 2 of the Dungeon.
You worshipped Trog.
Trog was pleased with you.
You visited 1 branch of the dungeon, and saw 2 of its levels.

You collected 92 gold pieces.

Inventory:

Hand Weapons
 d - a +0 war axe (weapon)
Armour
 e - a +2 ring mail of fire resistance (worn)
Scrolls
 a - a scroll of identify {unknown}
 b - a scroll of poison {unknown}
 f - 2 scrolls of vulnerability {unknown}
 g - a scroll of enchant weapon {unknown}
 h - a scroll of teleportation {unknown}
Potions
 c - 2 potions of haste {unknown}


   Skills:
 + Level 4.4 Fighting
 + Level 4.4 Axes
 + Level 3.4 Armour
 + Level 3.2 Dodging


You had 3 spell levels left.
You didn't know any spells.
Your spell library was empty.

Dungeon Overview and Level Annotations

Branches:
Dungeon (2/15)

Altars:


Innate Abilities, Weirdness & Mutations

You have a pair of horns on your head.
You reflexively headbutt those who attack you in melee.


Message History

Terence is heavily wounded.
Terence closely misses you. x2
A gnoll comes into view. It is wielding a +0 spear. x2
The gnoll shouts! x2
You hit Terence. You headbutt Terence!
Terence is almost dead.
Terence barely misses you.
The gnoll hits you from afar with a +0 spear.
You closely miss Terence. You headbutt Terence.
Terence is almost dead.
Terence closely misses you. The gnoll barely misses you.
You barely miss Terence.
Terence is almost dead.
Terence hits you but does no damage.
The gnoll hits you from afar with a +0 spear.
Terence barely misses you. The gnoll hits you but does no damage.
Unknown command.
You hit Terence.
You kill Terence!
Trog accepts your kill.
The gnoll hits you from afar with a +0 spear.
A gnoll comes into view. It is wielding a +0 flail.
You have reached level 4!
You feel stronger. The gnoll hits you but does no damage.
The gnoll barely misses you. The gnoll barely misses you.
The gnoll shouts!
The gnoll hits you from afar with a +0 spear. x2
The gnoll barely misses you. The gnoll barely misses you.
The gnoll hits you from afar with a +0 spear!
The gnoll hits you but does no damage.
The gnoll throws a stone.
The stone barely misses you.
There is a stone staircase leading up here.
The gnoll hits you from afar with a +0 spear.
* * * LOW HITPOINT WARNING * * *
The gnoll hits you from afar with a +0 spear.
* * * LOW HITPOINT WARNING * * *
The gnoll hits you from afar with a +0 spear.
You die...

#..#########.............).......
#...#..................†.......<.
#...................#.#.#..####.#
...#................>.#.#..##...#
....................##..#..#...
##...............g..##.##(.#.#
#..............ggg.##.##....#
#.......)÷......[..##.##....#
#......†)......@...##.##....#
#.##..............#...#.....#
#.##........................#
#)##................##.#..###
#.##.....#................## ###
##.##.................#.##..###..
..........#..........##.###..##..
##.##....(...........##.####.##..
#........##...............#.##..


You could see 4 gnolls.

Vanquished Creatures
  Terence (D:2)
  2 adders (D:2)
  4 dart slugs
  2 ball pythons (D:1)
  5 bats
  3 endoplasms
  4 goblins
  5 hobgoblins
  3 quokkas
  3 frilled lizards
  2 kobolds (D:2)
  5 rats
39 creatures vanquished.

Notes
Turn   | Place    | Note
-------+----------+-------------------------------------------
     0 | D:1      | cforsyth the Minotaur Berserker began the quest for the
                  | Orb.
     0 | D:1      | Reached XP level 1. HP: 19/19 MP: 0/0
   100 | D:1      | Reached XP level 2. HP: 27/27 MP: 1/1
   733 | D:1      | Reached XP level 3. HP: 32/33 MP: 2/2
   825 | D:2      | Reached ** piety under Trog
  1036 | D:2      | Noticed Terence
  1045 | D:2      | Killed Terence
  1046 | D:2      | Reached XP level 4. HP: 28/41 MP: 3/3
  1059 | D:2      | Slain by a gnoll

Illustrated notes

Levels and vault maps discovered:
D:1:      denvon_arrival_waterhouse, layout_loops_ring
D:2:      layout_rooms, uniq_terence

Skill      XL: |  1  2  3 |
---------------+----------+-----
Axes           | 4 |  4.4
Fighting       | 4 |  4.4
Armour         | 3 |  3.4
Dodging        | 3 |  3.2

Action                   |  1- 3 |  4- 6 || total
-------------------------+-------+-------++-------
Melee: War axe           |    76 |       ||    76
       Headbutt          |     8 |       ||     8
Armor: Animal skin       |    11 |       ||    11
       Ring mail         |    15 |     2 ||    17
Dodge: Dodged            |    58 |     5 ||    63

Table legend: (Time is in decaauts)
 A = Elapsed time spent in this place.
 B = Non-inter-level travel time spent in this place.
 C = Inter-level travel time spent in this place.
 D = Time resting spent in this place.
 E = Time spent auto-exploring this place.
 F = Levels seen in this place.
 G = Mean time per level.
                   A        B        C        D        E       F      G
               +--------+--------+--------+--------+--------+-----+--------+
         Total |   1081 |   1070 |     11 |      0 |    832 |   2 |  540.5 |
       Dungeon |   1081 |   1070 |     11 |      0 |    832 |   2 |  540.5 |
               +--------+--------+--------+--------+--------+-----+--------+

Top non-repeatable levels by time:
     D:1: 807 daAuts
     D:2: 274 daAuts
